 Dungeon Crawl Stone Soup version 0.20.1-1-g8b1a95d (webtiles) character file.

82 dohliylev the Sneak (level 4, 0/30 HPs)
             Began as a Vampire Enchanter on Dec 7, 2017.
             Slain by an adder (5 damage)
             ... on level 1 of the Dungeon.
             The game lasted 00:05:37 (1566 turns).

dohliylev the Sneak (Vampire Enchanter)             Turns: 1566, Time: 00:05:38

Health: 0/30       AC:  2    Str:  7    XL:     4   Next: 21%
Magic:  1/7        EV: 13    Int: 17    God:
Gold:   51         SH:  0    Dex: 15    Spells: 1/7 levels left

rFire    . . .     SeeInvis +   a - +1 dagger
rCold    . . .     Gourm    .   (no shield)
rNeg     + . .     Faith    .   b - +0 robe
rPois    .         Spirit   .   (no helmet)
rElec    .         Reflect  .   (no cloak)
rCorr    .         Harm     .   (no gloves)
MR       .....                  (no boots)
Stlth    +++.......             (no amulet)
Regen    0.1/turn               (no ring)
MPRegen  0.1/turn               (no ring)

@: lethally poisoned (0 -> -2)
A: fangs 3, see invisible, unbreathing
a: Bat Form


You were on level 1 of the Dungeon.
You were not thirsty.

You visited 1 branch of the dungeon, and saw 2 of its levels.

You collected 51 gold pieces.

Inventory:

Hand Weapons
 a - a +1 dagger (weapon)
Armour
 b - a +0 robe (worn)
Jewellery
 m - a +5 ring of dexterity {unknown}
Scrolls
 f - 3 scrolls of remove curse {unknown}
 h - a scroll of immolation {unknown}
 i - a scroll of fear {unknown}
 k - 2 scrolls of identify {unknown}
 l - 2 scrolls of fog {unknown}
Potions
 d - 10 potions of blood
 e - a potion of resistance {unknown}
 g - a potion of cancellation {unknown}
 j - 2 potions of invisibility {unknown}
 n - a potion of heal wounds {unknown}
Books
 c - a book of Maledictions

   Spells                             Type                      Level
   a - Corona                         Hexes                        1
   b - Ensorcelled Hibernation        Hexes/Ice                    2
   c - Confuse                        Hexes                        3
   d - Tukima's Dance                 Hexes                        3
   e - Dazzling Spray                 Conjuration/Hexes            3


   Skills:
 + Level 0.1 Fighting
 + Level 1.8 Short Blades
 + Level 2.3 Dodging
 + Level 5.6 Stealth
 + Level 2.4 Spellcasting
 + Level 5.4 Hexes
 + Level 0.4 Ice Magic


You had one spell level left.
You knew the following spells:

 Your Spells              Type           Power        Failure   Level  Hunger
a - Corona                Hex            ###....      1%          1    #......
b - Ensorcelled Hibernat  Hex/Ice        ##....       9%          2    ##.....
c - Confuse               Hex            ###.....     6%          3    ###....


Dungeon Overview and Level Annotations

Branches:
Dungeon (2/15)

Altars:


Innate Abilities, Weirdness & Mutations

You have razor-sharp teeth.
You have supernaturally acute eyesight. (SInv)
You can survive without breathing.


Message History

There is a stone staircase leading down here.
You hit the jackal.
The jackal is heavily wounded.
The adder bites you.
You are poisoned.
The adder poisons you! The jackal closely misses you.
You barely miss the jackal.
The jackal is heavily wounded.
You feel sick. The adder bites you. The jackal bites you.
You barely miss the jackal.
The jackal is heavily wounded.
The jackal bites you. The adder bites you.
* * * LOW HITPOINT WARNING * * *
The jackal misses you. The adder closely misses you.
You hit the jackal.
The jackal is severely wounded.
The jackal bites you.
* * * LOW HITPOINT WARNING * * *
The adder bites you.
You die...

#.........# ##.....#####
#.........# #####......
##........### #######
#...........# #.........#.#
#.........#.# #
######.........#.# ##### ###
........>......#S### #...######..
##............##@h.####...##....#
#............####....##...#.###.
#.............######...).....##.
#........###............(.......
#......#.####..######...####...#
#......#....##.## #....)......
#....(.####.....#####.#.#....###
######## ####...............###
############.........#.....#


You could see an adder and a jackal.

Vanquished Creatures
  Jessica (D:2)
  An adder (D:2)
  An ooze (D:2)
  A worm (D:2)
  A dart slug (D:1)
  3 leopard geckos (D:1)
  6 bats
  2 giant cockroaches
  5 goblins
  6 hobgoblins
  2 frilled lizards
  3 kobolds
  3 rats
35 creatures vanquished.

Notes
Turn   | Place    | Note
-------+----------+-------------------------------------------
     0 | D:1      | dohliylev the Vampire Enchanter began the quest for the Orb.
     0 | D:1      | Reached XP level 1. HP: 13/13 MP: 3/3
   170 | D:1      | Reached XP level 2. HP: 17/19 MP: 5/5
   174 | D:1      | Learned a level 2 spell: Ensorcelled Hibernation
   775 | D:1      | Reached skill level 5 in Hexes
   897 | D:2      | Reached skill level 5 in Stealth
   983 | D:2      | Reached XP level 3. HP: 24/24 MP: 3/6
  1024 | D:2      | Noticed Jessica
  1072 | D:2      | Killed Jessica
  1099 | D:2      | Reached XP level 4. HP: 30/30 MP: 1/7
  1111 | D:2      | Learned a level 3 spell: Confuse
  1566 | D:1      | Slain by an adder

Skill      XL: |  1  2 |
---------------+-------+-----
Hexes          | 5 |  5.4
Stealth        | 5 |  5.6
Fighting       | |  0.1
Short Blades   | |  1.8
Dodging        | |  2.3
Spellcasting   | |  2.4
Ice Magic      | |  0.4

Action                   |  1- 3 |  4- 6 || total
-------------------------+-------+-------++-------
Melee: Dagger            |    64 |    31 ||    95
       Bite              |     3 |     4 ||     7
 Cast: Corona            |     4 |       ||     4
       Ensorcelled Hiber |    18 |    12 ||    30
 Abil: End Transformatio |       |     1 ||     1
       Bat Form          |       |     1 ||     1
 Stab: Sleeping          |    20 |     4 ||    24
  Eat: Corpse            |     6 |       ||     6
Armor: Robe              |    11 |     8 ||    19
Dodge: Dodged            |    45 |    44 ||    89
